 Dungeon Crawl Stone Soup version 0.23-a0-629-gae4348f (webtiles) character file.

49 galech the Skirmisher (level 3, -2/29 HPs)
             Began as a Demonspawn Fighter on Dec 26, 2018.
             Slain by an adder (3 damage)
             ... on level 3 of the Dungeon.
             The game lasted 00:01:21 (1579 turns).

galech the Skirmisher (Demonspawn Fighter)          Turns: 1579, Time: 00:01:21

Health: -2/29      AC:  9    Str: 21    XL:     3   Next: 53%
Magic:  3/3        EV:  7    Int:  9    God:
Gold:   80         SH:  9    Dex: 13    Spells: 2/2 levels left

rFire    . . .     SeeInvis .   a - +0 war axe
rCold    . . .     Gourm    .   c - +0 shield
rNeg     . . .     Faith    .   b - +0 scale mail
rPois    .         Spirit   .   (no helmet)
rElec    .         Reflect  .   k - +0 cloak
rCorr    .         Harm     .   (no gloves)
MR       .....                  (no boots)
Stlth    ..........             (no amulet)
HPRegen  0.09/turn              (no ring)
MPRegen  0.08/turn              (no ring)

@: mighty, lethally poisoned (-2 -> -3)
A: molten scales 1
a: no special abilities


You were on level 3 of the Dungeon.
You were not hungry.

You visited 1 branch of the dungeon, and saw 3 of its levels.

You collected 80 gold pieces.

Inventory:

Hand Weapons
 a - a +0 war axe (weapon)
Armour
 b - a +0 scale mail (worn)
 c - a +0 shield (worn)
 k - a +0 cloak (worn)
Wands
 p - a wand of iceblast (7)
Scrolls
 e - 2 scrolls of amnesia {unknown}
 h - 4 scrolls of identify {unknown}
 j - 3 scrolls of enchant weapon {unknown}
 l - 2 scrolls of immolation {unknown}
 m - a scroll of teleportation {unknown}
 q - a scroll of random uselessness {unknown}
Potions
 g - a potion of ambrosia {unknown}
 i - a potion of haste {unknown}
 o - a potion of agility {unknown}
 r - a potion of mutation {unknown}
Comestibles
 f - 3 rations


   Skills:
 + Level 3.4 Fighting
 + Level 2.2 Axes
 + Level 3.0 Armour
 + Level 0.3 Dodging
 + Level 3.1 Shields


You had 2 spell levels left.
You didn't know any spells.
Your spell library was empty.

Dungeon Overview and Level Annotations

Branches:
Dungeon (3/15)

Altars:
Dithmenos
Hepliaklqana
Xom


Innate Abilities, Weirdness & Mutations

You are partially covered in molten scales. (AC +2)


Message History

Your scale mail prevents you from hitting the adder.
* * * LOW HITPOINT WARNING * * *
You feel sick.
The adder bites you but does no damage. x2
You barely miss the adder. The adder barely misses you.
You block the adder's attack.
You closely miss the adder.
* * * LOW HITPOINT WARNING * * *
You feel sick. The adder bites you but does no damage.
You block the adder's attack.
You slash the adder!
The adder is severely wounded.
The adder barely misses you.
You barely miss the adder.
The adder is severely wounded.
You block the adder's attack. x2
You closely miss the adder.
The adder is severely wounded.
* * * LOW HITPOINT WARNING * * *
You feel sick. The adder bites you.
You die...

#.#########..
#............
#<.# .
#@#####..
#...###S#......
#....Sg.#
.....#.%###
..## #.## ..
... ##.. ###


You could see 2 adders and a goblin.

Vanquished Creatures
  2 adders
  A worm (D:2)
  2 giant cockroaches (D:1)
  4 goblins
  4 hobgoblins
  4 kobolds
  A quokka (D:2)
  4 bats
  3 frilled lizards (D:1)
  2 rats (D:1)
27 creatures vanquished.

Notes
Turn   | Place    | Note
-------+----------+-------------------------------------------
     0 | D:1      | galech the Demonspawn Fighter began the quest for the Orb.
     0 | D:1      | Reached XP level 1. HP: 18/18 MP: 1/1
   127 | D:1      | Gained mutation: You are partially covered in molten
                  | scales. (AC +2) [demonic ancestry]
   127 | D:1      | Reached XP level 2. HP: 20/24 MP: 2/2
   937 | D:2      | Found a shimmering altar of Xom.
   938 | D:2      | Found a hazy altar of Hepliaklqana.
   938 | D:2      | Noticed a hell beast
   939 | D:2      | Noticed a hell beast
   939 | D:2      | Noticed a spectral ugly thing
   970 | D:2      | Found a shadowy altar of Dithmenos.
  1135 | D:2      | Reached XP level 3. HP: 22/29 MP: 3/3
  1576 | D:3      | HP: 1/29 [poisoned by an adder]
  1579 | D:3      | Slain by an adder

Vault maps used:
D:1:      sevenhm_arrival_forest_fort_small_5, minmay_misc_feat_roman,
          corexii_item_surrounded_by_moat
D:2:      regret_index_temple_of_mockery, lemuel_crystal_altar
D:3:      first_ration, serial_bayou_ford_a

Skill      XL: |  1  2 |
---------------+-------+-----
Shields        | 3 |  3.1
Armour         | 3 |  3.0
Axes           | 2 |  2.2
Fighting       | |  3.4
Dodging        | |  0.3

Action                   || total
-------------------------++-------
Melee: War axe           ||   126
  Use: Potion            ||     1
  Eat: Chunk             ||     2
Armor: Scale mail        ||    94
Dodge: Dodged            ||    37
Block: Shield            ||    86

Table legend:
 A = Non-vault XP
 B = Vault XP
 C = Vault XP percentage of total XP
 D = Non-vault monster count
 E = Vault monster count
 F = Vault count percentage of total count
                 A         B        C        D         E       F
            +---------+---------+-------+---------+---------+-------
      Total |      71 |       0 |   0.0 |      27 |       0 |   0.0
            +---------+---------+-------+---------+---------+-------
        D:1 |      22 |       0 |   0.0 |      15 |       0 |   0.0
        D:2 |      35 |       0 |   0.0 |      11 |       0 |   0.0
        D:3 |      14 |       0 |   0.0 |       1 |       0 |   0.0
            +---------+---------+-------+---------+---------+-------
